 Dungeon Crawl Stone Soup version 0.30.0-5-g1a98f26d00 (webtiles) character file.

Game seed: 11236348509620604073

1812 Brutalitops the Grappler (level 8, 0/74 HPs)
             Began as a Troll Gladiator on May 12, 2023.
             Was an Initiate of Dithmenos.
             Killed from afar by a gargoyle (18 damage)
             ... with a stone arrow
             ... on level 7 of the Dungeon.
             The game lasted 00:17:38 (4862 turns).

Brutalitops the Grappler (Troll Gladiator)          Turns: 4862, Time: 00:17:39

Health: 0/74       AC: 13    Str: 25    XL:     8   Next: 84%
Magic:  8/8        EV: 10    Int:  4    God:    Dithmenos [......]
Gold:   373        SH:  0    Dex: 11    Spells: 7/7 levels left

rFire   . .          .
                       - Unarmed
rCold   . . .        (no shield)
rNeg    + . .        v - quicksilver dragon scales
rPois   .            b - +0 hat
rElec   .            q - +0 cloak
rCorr   .            (gloves unavailable)
SInv    .            (boots unavailable)
Will    +....        e - amulet of regeneration
Stlth   +            D - ring of positive energy
HPRegen 1.92/turn    (no ring)
MPRegen 0.11/turn

%: no passive effects
@: no status effects
A: large, unfitting armour, claws 3, regeneration 1, shaggy fur 1, tough skin 1
a: Renounce Religion


You were on level 7 of the Dungeon.
You worshipped Dithmenos.
Dithmenos was noncommittal.
You visited 2 branches of the dungeon, and saw 8 of its levels.
You also visited: Ossuary.

You collected 373 gold pieces.

Inventory:

Missiles
 c - 5 throwing nets
 d - a large rock (quivered)
 k - 4 poisoned darts
 t - a boomerang of dispersal
Armour
 a - a +0 robe
 b - a +0 hat (worn)
 q - a +0 cloak (worn)
 v - quicksilver dragon scales (worn)
 I - +0 steam dragon scales
Jewellery
 e - an amulet of regeneration (around neck)
 s - an amulet of the acrobat
 x - a ring of wizardry
 D - a ring of positive energy (left claw)
Wands
 o - a wand of flame (7)
Scrolls
 g - 2 scrolls of fog
 p - a scroll of acquirement {unknown}
 r - a scroll of vulnerability
 u - a scroll of brand weapon
 w - a scroll of teleportation {unknown}
 y - a scroll of noise {unknown}
 E - a scroll of enchant armour {unknown}
 H - a scroll of blinking {unknown}
Potions
 f - 2 potions of brilliance {unknown}
 h - 4 potions of mutation
 i - 4 potions of heal wounds
 j - 2 potions of attraction
 l - 7 potions of curing
 m - 5 potions of lignification
 n - 3 potions of berserk rage {unknown}
 z - a potion of might {unknown}
 A - a potion of ambrosia {unknown}
 B - 3 potions of invisibility {unknown}
 C - 2 potions of flight {unknown}
 F - 2 potions of degeneration {unknown}
 G - 2 potions of cancellation {unknown}


   Skills:
 + Level 2.4 Fighting
 + Level 2.2 Throwing
 + Level 3.7 Armour
 + Level 4.7 Dodging
 + Level 0.9 Stealth
 + Level 8.7 Unarmed Combat
 * Level 1.8 Invocations


You had 7 spell levels left.
You didn't know any spells.
Your spell library contained the following spells:

 Spells                   Type           Power      Damage    Failure   Level
 Sandblast                Erth           0%         2d4       65%         1
 Passwall                 Tmut/Erth      0%         N/A       78%         2
 Call Canine Familiar     Summ           0%         N/A       95%         3
 Portal Projectile        Hex/Tloc       0%         N/A       95%         3
 Stone Arrow              Conj/Erth      0%         3d7       95%         3
 Tukima's Dance           Hex            0%         N/A       95%         3
 Leda's Liquefaction      Hex/Erth       0%         N/A       100%        4
 Blade Hands              Tmut           0%         N/A       100%        5


Dungeon Overview and Level Annotations

Branches:
Dungeon (7/15)             Temple (1/1) D:5         Ossuary (visited)

Altars:
Dithmenos
Wu Jian

Annotations:
D:6 1 runed translucent door, qdestroyer's ghost, novice MiFi


Innate Abilities, Weirdness & Mutations

You are too large for most types of armour.
You have claws for hands.
Your natural rate of healing is unusually fast.
You are covered in fur. (AC +1)
You have tough skin. (AC +1)


Message History

The stone arrow hits you!!
You scratch the gargoyle but do no damage.
The gargoyle hits you but does no damage.
You barely miss the gargoyle. The gargoyle hits you with a +0 mace.
You scratch the gargoyle but do no damage.
The gargoyle hits you with a +0 mace.
You barely miss the gargoyle.
The gargoyle hurls a stone arrow at you.
The stone arrow hits you.
You barely miss the gargoyle. The gargoyle hits you with a +0 mace.
You scratch the gargoyle.
The gargoyle is lightly damaged.
You scratch the gargoyle.
You claw the gargoyle, but do no damage.
The gargoyle is moderately damaged.
The gargoyle closely misses you.
You scratch the gargoyle but do no damage.
The gargoyle is moderately damaged.
The gargoyle hits you but does no damage.
You scratch the gargoyle but do no damage.
The gargoyle is moderately damaged.
The gargoyle hits you with a +0 mace!
You scratch the gargoyle but do no damage.
The gargoyle is moderately damaged.
The gargoyle hurls a stone arrow at you.
The stone arrow hits you!
You scratch the gargoyle.
The gargoyle is heavily damaged.
The gargoyle hits you but does no damage.
You scratch the gargoyle but do no damage.
The gargoyle is heavily damaged.
The gargoyle hurls a stone arrow at you.
The stone arrow hits you!
* * * LOW HITPOINT WARNING * * *
The gargoyle hurls a stone arrow at you.
The stone arrow hits you!
* * * LOW HITPOINT WARNING * * *
The gargoyle hurls a stone arrow at you.
The stone arrow hits you!!
You die...

..............#.#
#.#.######.#.##.#.# #.#
#.#.##.#.# #.# #.#.##.#.# #.#
####.#.##.#.# ###########.#
..##.#.##.#..
.[.......##.#####.##.#.##.###
......$.†##.#...#.##.#.##....
.........9..@................
.......####.#.#.#.##.#.#.....
....... #/#.#.#.##.#.#.....
####... #.#.#.#....#.#.....
#... #.#.#(#....#.#..... ....
#.#.#.#....#.#..... ##...
#.#.#.#....#.#.###. #...
#[#.#.#.##.#.#..... ..#.#
#............


You could see a gargoyle.

Vanquished Creatures
  Sigmund (D:2)
  A steam dragon (D:7)
  2 ice beasts
  A centaur (D:6)
  A phantom (D:5)
  3 scorpions
  2 water moccasin zombies (Ossuary)
  2 jellies
  4 orc priests
  4 hounds
  A sleepcap (D:5)
  Terence (D:2)
  Natasha (thrice) (D:2)
  An iguana (D:5)
  5 orc wizards
  2 mummies (Ossuary)
  7 gnolls (D:5)
  6 adders
  A shadow imp (D:5)
  2 white imps (D:6)
  An ufetubus (D:5)
  4 adder zombies (Ossuary)
  5 worms
  A dart slug (D:4)
  18 orcs
  4 bats
  5 endoplasms
  5 giant cockroaches
  A gnoll zombie (Ossuary)
  4 goblins
  9 hobgoblins
  4 jackals
  7 kobolds
  3 quokkas
  6 ball pythons
  2 frilled lizards (D:2)
  6 hobgoblin zombies (Ossuary)
  4 kobold zombies (Ossuary)
  6 orc zombies (Ossuary)
  7 rats
152 creatures vanquished.

Notes
Turn   | Place    | Note
-------+----------+-------------------------------------------
     0 | D:1      | Brutalitops the Troll Gladiator began the quest for the
                  | Orb.
     0 | D:1      | Reached XP level 1. HP: 19/19 MP: 0/0
   176 | D:1      | Reached XP level 2. HP: 27/27 MP: 1/1
   782 | D:2      | Noticed Sigmund
   888 | D:2      | Noticed Natasha
   906 | D:2      | Killed Natasha
   907 | D:2      | Reached XP level 3. HP: 14/35 MP: 2/2
  1039 | D:2      | Killed Sigmund
  1040 | D:2      | Reached skill level 4 in Unarmed Combat
  1040 | D:2      | Reached XP level 4. HP: 34/42 MP: 3/3
  1040 | D:2      | Reached XP level 5. HP: 40/49 MP: 4/4
  1065 | D:2      | Noticed Natasha
  1077 | D:2      | Killed Natasha
  1078 | D:2      | Reached skill level 5 in Unarmed Combat
  1152 | D:2      | Noticed Natasha
  1175 | D:2      | Killed Natasha
  1176 | D:2      | Reached XP level 6. HP: 49/57 MP: 5/5
  1345 | D:2      | Noticed Terence
  1351 | D:2      | Killed Terence
  2140 | D:3      | Found an ornate altar of the Wu Jian Council.
  2503 | D:4      | Reached skill level 6 in Unarmed Combat
  2536 | D:4      | Found a sand-covered staircase.
  2541 | Ossuary  | Entered an ossuary
  2585 | Ossuary  | Reached XP level 7. HP: 66/66 MP: 6/6
  3199 | D:5      | Entered Level 5 of the Dungeon
  3252 | D:5      | Reached skill level 1 in Armour
  3252 | D:5      | Reached skill level 7 in Unarmed Combat
  3479 | D:5      | Found a staircase to the Ecumenical Temple.
  3488 | Temple   | Entered the Ecumenical Temple
  3498 | Temple   | Became a worshipper of Dithmenos the Shadowed
  3540 | D:5      | Reached XP level 8. HP: 74/74 MP: 7/7
  4151 | D:6      | Reached skill level 8 in Unarmed Combat
  4251 | D:6      | Reached skill level 1 in Invocations
  4373 | D:6      | Noticed qdestroyer's ghost (novice MiFi)
  4460 | D:6      | Found a runed translucent door.
  4843 | D:7      | Noticed a gargoyle
  4862 | D:7      | Killed from afar by a gargoyle

Illustrated notes

Levels and vault maps discovered:
D:1:      dpeg_arrival_subterranean_lakeside_camping, layout_basic,
          minmay_pentomino_u2
D:2:      layout_rooms, uniq_natasha, uniq_terence, uniq_sigmund
D:3:      cheibrodos_old_hovel, layout_loops_corners,
          mainiacjoe_overflow_alcove_1, nicolae_kite_square_tiling_tiny
D:4:      layout_loops_ring, nicolae_ossuary_entry_plus
D:5:      layout_loops_ring, minmay_temple_entry_junction, minmay_liquid_box,
          roderic_lattice_a
D:6:      layout_loops_cross, hellmonk_ghost_happy_afterlife
D:7:      layout_basic, serial_shops, nicolae_shop_tiny_real_fake_doors
Temple:   nicolae_temple_slightly_damp_pantheon

Skill      XL: |  1  2  3  4  5  6  7  8 |
---------------+-------------------------+-----
Throwing       | 2 |  2.2
Dodging        | 3 4 |  4.7
Fighting       | 2 |  2.4
Unarmed Combat | 4 5 6 7 8 |  8.7
Armour         | 2 3 |  3.7
Invocations    | 1 |  1.8
Stealth        | |  0.9

Action                     |  1- 3 |  4- 6 |  7- 9 || total
---------------------------+-------+-------+-------++-------
  Melee: Unarmed           |    59 |   182 |   235 ||   476
         Punch             |     1 |     4 |     9 ||    14
    Use: Scroll            |     3 |     5 |     1 ||     9
   Stab: Sleeping          |     1 |     1 |       ||     2
 Armour: Robe              |    12 |    37 |       ||    49
         Quicksilver drago |       |    24 |   106 ||   130
  Dodge: Dodged            |    23 |    89 |    88 ||   200
